 Dungeon Crawl Stone Soup version 0.26-a0-649-gf8c6c3aab7 (webtiles) character file.

Game seed: 3036000624529100291

263 Conn the Sneak (level 6, -4/37 HPs)
             Began as an Octopode Hedge Wizard on Sept 27, 2020.
             Slain by an orc wizard
             ... wielding a +0 dagger
              (6 damage)
             ... on level 3 of the Dungeon.
             The game lasted 00:08:24 (3621 turns).

Conn the Sneak (Octopode Hedge Wizard)              Turns: 3621, Time: 00:08:24

Health: -4/37      AC:  1    Str:  9    XL:     6   Next: 19%
Magic:  0/11       EV: 13    Int: 18    God:
Gold:   168        SH:  0    Dex: 12    Spells: 1/12 levels left

rFire    . . .     SeeInvis .   e - +0 short sword
rCold    . . .     Faith    .   (no shield)
rNeg     . . .     Spirit   .   b - +0 hat
rPois    .         Reflect  .   (no amulet)
rElec    .         Harm     .   (no ring)
rCorr    .         Rampage  .   (no ring)
MR       .....                  (no ring)
Stlth    ++++......             (no ring)
HPRegen  0.12/turn              (no ring)
MPRegen  0.12/turn              (no ring)
                                (no ring)
                                (no ring)

@: mighty, flying, very slightly contaminated
A: almost no armour, stealthy swim, amphibious, 8 rings, constrict 8, camouflage
1, gelatinous body 1
a: no special abilities


You were on level 3 of the Dungeon.
You visited 1 branch of the dungeon, and saw 3 of its levels.

You collected 168 gold pieces.

Inventory:

Hand Weapons
 a - a +0 dagger
 e - a +0 short sword (weapon)
Missiles
 i - 27 poisoned darts (quivered)
Armour
 b - a +0 hat (worn)
Scrolls
 c - 7 scrolls of identify
 d - 3 scrolls of remove curse {unknown}
 f - 4 scrolls of enchant armour {unknown}
 g - 2 scrolls of teleportation {unknown}
 h - a scroll of blinking {unknown}
 o - a scroll of enchant weapon {unknown}
 p - a scroll of fear {unknown}
Potions
 j - a potion of flight
 l - a potion of mutation {unknown}
 m - a potion of curing {unknown}
 n - a potion of brilliance {unknown}


   Skills:
 + Level 0.4 Fighting
 + Level 2.1 Short Blades
 + Level 2.5 Dodging
 + Level 4.3 Stealth
 + Level 3.9 Spellcasting
 * Level 1.6 Conjurations
 + Level 1.1 Summonings
 * Level 1.8 Translocations
 * Level 1.4 Fire Magic
 * Level 1.2 Air Magic
 * Level 1.0 Poison Magic


You had one spell level left.
You knew the following spells:

 Your Spells              Type           Power        Failure   Level
a - Magic Dart            Conj           #...         8%          1
b - Blink                 Tloc           N/A          11%         2
c - Call Imp              Summ           #.......     14%         2
d - Conjure Flame         Conj/Fire      #.......     24%         3
e - Mephitic Cloud        Conj/Pois/Air  #.......     26%         3

Your spell library contained the following spells:

 Spells                   Type           Power        Failure   Level
 Sting                    Tmut/Pois      #...         12%         1
 Poisonous Vapours        Pois/Air       #.....       14%         2
 Slow                     Hex            #.......     22%         2
 Ignite Poison            Fire/Tmut/Pois #.......     32%         3
 Olgreb's Toxic Radiance  Pois           #.......     69%         4


Dungeon Overview and Level Annotations

Branches:
Dungeon (3/15)

Altars:
Cheibriados


Innate Abilities, Weirdness & Mutations

You cannot wear most types of armour.
You are very stealthy in the water. (Stealth+)
You are amphibious.
You can wear up to eight rings at the same time.
You can use your tentacles to constrict eight enemies at once.
Your skin changes colour to match your surroundings (Stealth+).
Your rubbery body absorbs attacks. (AC +1, EV +1)


Message History

Confirm with . or Enter, or press ? or * to list all spells.
A beastly little devil appears in a puff of flame.
The orc wizard barely misses your crimson imp.
Unknown command.
As you read the scroll labeled SEBRECIYNI, it crumbles to dust.
It is a scroll of identify.
k - a potion of might The orc wizard gestures at you while chanting.
The puff of frost hits your crimson imp!!
Your crimson imp is frozen!
Your crimson imp dies!
You feel very mighty all of a sudden.
The orc wizard points at you and mumbles some strange words.
The puff of frost hits you!
* * * LOW HITPOINT WARNING * * *
It was a potion of flight.
You feel very buoyant.
You fly up into the air.
The orc wizard barely misses you.
The orc wizard hits you with a +0 dagger.
You die...

#..##.#. #..##.#.#
#. #..# .... ..
##..#≈.†.. .#
#..##≈.... .#
##..#≈≈#.#.##.#
#..##≈≈#....#.##
#..#≈≈≈≈#.)....###
#).#≈≈≈≈####...o@#
#..#≈≈≈≈# #.##l.#
#).##≈≈## #.##...#
##).#≈≈#
###.##...# #))# ##
#...##...# #))#
#.####...# #).#
#)# ##### #.)# #)#
##)### #.#


You could see an orc wizard (fast) and a frilled lizard.

Vanquished Creatures
  A big kobold (D:3)
  A worker ant (D:2)
  An adder (D:2)
  A worm (D:2)
  5 dart slugs
  3 leopard geckos (D:1)
  5 orcs
  2 ball pythons
  7 bats
  4 giant cockroaches
  8 hobgoblins
  4 jackals (D:2)
  18 kobolds
  A quokka (D:3)
  3 frilled lizards
  5 goblins
  A jackal skeleton (D:2)
  8 rats
78 creatures vanquished.

Vanquished Creatures (collateral kills)
  A big kobold (D:3)
  An orc priest (D:2)
  2 adders
  An orc (D:2)
  A rat (D:2)
6 creatures vanquished.

Grand Total: 84 creatures vanquished

Notes
Turn   | Place    | Note
-------+----------+-------------------------------------------
     0 | D:1      | Conn the Octopode Hedge Wizard began the quest for the Orb.
     0 | D:1      | Reached XP level 1. HP: 11/11 MP: 4/4
   122 | D:1      | Reached XP level 2. HP: 17/17 MP: 6/6
   136 | D:1      | Reached skill level 3 in Stealth
   484 | D:1      | Reached XP level 3. HP: 21/21 MP: 7/7
  1172 | D:2      | Learned a level 2 spell: Blink
  1175 | D:2      | Learned a level 2 spell: Call Imp
  1179 | D:2      | Learned a level 3 spell: Conjure Flame
  1278 | D:2      | Found a snail-covered altar of Cheibriados.
  1407 | D:2      | Reached skill level 4 in Stealth
  1422 | D:2      | Reached skill level 1 in Short Blades
  1422 | D:2      | Reached XP level 4. HP: 27/27 MP: 4/9
  2502 | D:2      | Reached XP level 5. HP: 28/31 MP: 6/10
  2595 | D:2      | Learned a level 3 spell: Mephitic Cloud
  3383 | D:3      | Noticed a big kobold
  3384 | D:3      | Noticed a big kobold
  3415 | D:3      | Killed a big kobold
  3415 | D:3      | Reached skill level 1 in Fire Magic
  3415 | D:3      | Reached skill level 1 in Air Magic
  3419 | D:3      | Killed a big kobold
  3419 | D:3      | Reached skill level 1 in Poison Magic
  3419 | D:3      | Reached XP level 6. HP: 22/37 MP: 4/11
  3620 | D:3      | HP: 1/37 [orc wizard/puff of frost (13)]
  3621 | D:3      | Slain by an orc wizard

Illustrated notes

Levels and vault maps discovered:
D:1:      dpeg_arrival_subterranean_lakeside_camping, layout_basic,
          minmay_tromino_v4_a
D:2:      layout_loops_ring, kennysheep_slug_shrine, kennysheep_generic_room_9
D:3:      cheibrodos_thug_alley, layout_rooms, columned_hall_lemuel

Skill      XL: |  1  2  3  4  5 |
---------------+----------------+-----
Stealth        | 3 4 |  4.3
Short Blades   | 1 2 |  2.1
Fire Magic     | 1 |  1.4
Air Magic      | 1 |  1.2
Poison Magic   | 1 |  1.0
Fighting       | |  0.4
Dodging        | |  2.5
Spellcasting   | |  3.9
Conjurations   | |  1.6
Summonings     | |  1.1
Translocations | |  1.8

Action                   |  1- 3 |  4- 6 || total
-------------------------+-------+-------++-------
Melee: Dagger            |    40 |       ||    40
       Constrict         |    17 |    26 ||    43
       Tentacles         |     9 |    13 ||    22
       Short sword       |    24 |    81 ||   105
 Cast: Magic Dart        |     8 |    44 ||    52
       Call Imp          |     2 |    12 ||    14
       Blink             |     1 |     3 ||     4
  Use: Potion            |     1 |     2 ||     3
       Scroll            |       |     1 ||     1
 Stab: Sleeping          |    15 |     7 ||    22
Armor: Skin              |     3 |     5 ||     8
Dodge: Dodged            |    38 |    64 ||   102

Table legend: (Time is in decaauts)
 A = Elapsed time spent in this place.
 B = Non-inter-level travel time spent in this place.
 C = Inter-level travel time spent in this place.
 D = Time resting spent in this place.
 E = Time spent auto-exploring this place.
 F = Levels seen in this place.
 G = Mean time per level.
                   A        B        C        D        E       F      G
               +--------+--------+--------+--------+--------+-----+--------+
         Total |   3625 |   3595 |     30 |    831 |   1817 |   3 | 1208.3 |
       Dungeon |   3625 |   3595 |     30 |    831 |   1817 |   3 | 1208.3 |
               +--------+--------+--------+--------+--------+-----+--------+

Top non-repeatable levels by time:
     D:2: 1320 daAuts
     D:1: 1278 daAuts
     D:3: 1027 daAuts
